Map: Lost and Found LE

Players

Reynor

  • Race: Zerg Zerg
  • Spawn Location: 1:00

uThermaL - Winner!

  • Race: Terran Terran
  • Spawn Location: 7:00

Event: WCS Montreal 2018

VOD

Have the link to the VOD?

Description

Time

  • Played on: Sept. 9, 2018, 12:42 p.m.
  • Length: 3:32

All games in this series

Show
View Real Time Build Order
Export as new Build Order

Reynor Zerg 

Build Orders: Hatch First 

Get SALT Encoding   

  12  0:00  Drone  
  13  0:12  Overlord  
  13  0:16  Drone  
  14  0:30  Drone x2  
  14  0:35  Drone  
  17  0:51  Hatchery  
  17  0:55  Drone  
  17  0:57  Drone  
  18  1:09  Extractor  
  17  1:14  Spawning Pool  
  17  1:16  Drone  
  17  1:19  Drone  
  18  1:27  Drone  
  19  1:38  Drone  
  20  1:52  Hatchery  
  19  2:01  Zergling x4  
  21  2:04  Queen  
  21  2:06  Drone  
  24  2:14  Queen  
  26  2:25  Overlord  
  26  2:30  Zergling x2  
  26  2:33  Zergling x4  
  29  2:37  Spine Crawler  
  29  2:38  Zergling x2, Spine Crawler x2  
  29  2:43  Zergling x2  
  26  2:51  Zergling x2  
  21  2:59  Zergling x2  
  21  3:03  Zergling x2  
  20  3:11  Zergling x2  
Show
View Real Time Build Order
Export as new Build Order

uThermaL Terran - Winner!

Build Orders:  

Get SALT Encoding   

  12  0:01  SCV  
  13  0:15  Supply Depot  
  13  0:37  Barracks  
  13  0:45  Barracks  
  13  1:01  Barracks  
  13  1:06  SCV  
  14  1:23  Marine  
  15  1:25  Barracks  
  15  1:32  Marine  
  16  1:41  Marine  
  16  1:43  Supply Depot  
  17  1:47  Marine  
  17  1:52  Marine  
  19  1:59  Marine  
  20  2:05  Marine  
  21  2:09  Marine  
  21  2:12  Marine  
  23  2:17  Marine  
  24  2:23  Marine  
  24  2:27  Marine  
  26  2:31  Marine  
  26  2:34  Marine  
  28  2:41  Marine  
  29  2:45  Marine  
  29  2:52  Marine x2  
  28  2:59  Marine  
  28  3:03  Marine  
  29  3:09  Marine  
  29  3:11  Marine  
Tags
 
Add a new tag
Caveats
  • Supply blocks, unpowered buildings, or Contaminate may cause inaccurate times.
  • Supply counts are checked every 10 seconds.